 Dungeon Crawl Stone Soup version 0.28.0-53-g5a82cb258f (webtiles) character file.

Game seed: 15869424405609481964

397 Deemzul the Sneak (level 6, -1/36 HPs)
             Began as an Octopode Fire Elementalist on July 24, 2022.
             Was a Follower of Cheibriados.
             Slain by a wyvern zombie (12 damage)
             ... on level 5 of the Dungeon.
             The game lasted 00:06:08 (4909 turns).

Deemzul the Sneak (Octopode Fire Elementalist)      Turns: 4909, Time: 00:06:08

Health: -1/36      AC:  1    Str:  7 (10) XL:     6   Next: 83%
Magic:  2/11       EV: 14    Int: 18 (21) God:    Cheibriados [*.....]
Gold:   47         SH:  5    Dex: 12 (14) Spells: 8/11 levels left

rFire   . . .      SeeInvis .   (no weapon)
rCold   . . .      Faith    .   (no shield)
rNeg    . . .      Spirit   .   (helmet restricted)
rPois   .          Reflect  +   b - amulet of reflection
rElec   .          Harm     .   (no ring)
rCorr   .          Rampage  .   (no ring)
Will    .....      Clarity  +   (no ring)
Stlth   ++++......              (no ring)
HPRegen 0.12/turn               (no ring)
MPRegen 0.12/turn               (no ring)
                                (no ring)
                                (no ring)

@: very slow
A: almost no armour, amphibious, 8 rings, camouflage 1, gelatinous body 1,
(nimble swimmer 1), tentacles, clarity, MP-powered wands
a: Renounce Religion, Bend Time


You were on level 5 of the Dungeon.
You worshipped Cheibriados.
Cheibriados was aware of your devotion.
You visited 1 branch of the dungeon, and saw 5 of its levels.

You collected 102 gold pieces.
You spent 55 gold pieces at shops.

Inventory:

Missiles
 n - a boomerang
Jewellery
 b - an amulet of reflection (around mantle)
 c - an amulet of magic regeneration
 p - an amulet of regeneration
Scrolls
 a - a scroll of immolation {unknown}
 d - 2 scrolls of fear {unknown}
 f - a scroll of fog {unknown}
 h - a scroll of teleportation {unknown}
 l - a scroll of noise {unknown}
 m - a scroll of enchant armour {unknown}
 q - a scroll of brand weapon {unknown}
 r - a scroll of vulnerability {unknown}
 t - a scroll of blinking {unknown}
 u - a scroll of identify {unknown}
Potions
 g - a potion of curing
 i - a potion of degeneration
 j - a potion of attraction {unknown}
 o - a potion of might {unknown}
 s - a potion of berserk rage {unknown}


   Skills:
 + Level 3.5 Dodging
 + Level 5.1 Stealth
 + Level 3.3 Spellcasting
 + Level 3.0 Conjurations
 + Level 4.2 Fire Magic


You had 8 spell levels left.
You knew the following spells:

 Your Spells              Type           Power      Damage    Failure   Level
a - Foxfire               Conj/Fire      64%        2x1d7     3%          1
b - Scorch                Fire           36%        2d7       4%          2

Your spell library contained the following spells:

 Spells                   Type           Power      Damage    Failure   Level
 Conjure Flame            Conj/Fire      16%        6-21      11%         3
 Inner Flame              Hex/Fire       10%        N/A       21%         3
 Flame Wave               Conj/Fire      16%        2d6       34%         4


Dungeon Overview and Level Annotations

Branches:
Dungeon (5/15)
 Temple: D:4-7

Altars:
Cheibriados
Dithmenos
Fedhas

Shops:
D:3 *[!(   D:4 !

Annotations:
D:3 3 runed translucent doors, shaman420's ghost, amateur OpAM
D:4 Ijyb


Innate Abilities, Weirdness & Mutations

You cannot wear most types of armour.
You are amphibious.
You can wear up to eight rings at the same time.
Your skin changes colour to match your surroundings (Stealth+).
Your rubbery body absorbs attacks. (AC +1, EV +1)
((You are camouflaged when in or above water. (Stealth+)))
You have tentacles for arms and can constrict up to eight enemies at once.
You possess an exceptional clarity of mind.
You expend magic power (3 MP) to strengthen your wands.


Message History

The howler monkey hoots and howls with incredible vigour!
You hear a howl!
You hear a shout!
Casting: Foxfire (safe; 3% risk of failure)
Confirm with . or Enter, or press ? or * to list all spells.
You conjure some foxfire!
The howler monkey hits you!
Unknown command.
Unknown command.
Casting: Foxfire (safe; 3% risk of failure)
Confirm with . or Enter, or press ? or * to list all spells.
Okay, then.
You tentacle-slap the howler monkey. Your grab misses the howler monkey.
The howler monkey is lightly wounded.
The foxfire hits the howler monkey.
The howler monkey is moderately wounded.
You block the howler monkey's attack.
Unknown command.
You tentacle-slap the wyvern zombie but do no damage.
The wyvern zombie is lightly damaged.
The howler monkey hoots and howls with incredible vigour!
The wyvern zombie bites you!
* * * LOW HITPOINT WARNING * * *
You hear a shout!
Unknown command.
It was a potion of degeneration.
There was something very wrong with that liquid.
You feel weakened.
You feel dopey.
You feel clumsy. You block the howler monkey's attack.
The wyvern zombie completely misses you.
The howler monkey hits you.
* * * LOW HITPOINT WARNING * * *
The wyvern zombie closely misses you.
It was a potion of curing.
You feel better. The wyvern zombie closely misses you.
The howler monkey hits you.
* * * LOW HITPOINT WARNING * * *
Unknown command.
It was a potion of mutation.
You feel extremely strange.
Your thoughts seem clearer.
You feel your magical essence link to the dungeon's wands.
The wyvern zombie bites you!
You die...

#.# # ##...## ..###.###
##.....##
.....(..#######.......##
#.###.#.>§..............
#.#.....######........##
#.#.#$#.######.#.....##
#......W.§.....##...##
###.#.#h#############
......Z@# #########


You could see a phantom, a howler monkey (catching breath) and a wyvern zombie.

Vanquished Creatures
  A scorpion (D:5)
  3 orc priests (D:3)
  A jelly (D:2)
  2 iguanas
  An orc wizard (D:4)
  A hound skeleton (D:4)
  3 gnolls (D:4)
  3 adders
  2 adder skeletons (D:4)
  2 dart slugs
  5 orcs
  3 bats
  4 endoplasms
  4 giant cockroaches
  4 goblins
  4 hobgoblins
  3 jackals (D:1)
  9 kobolds
  5 quokkas
  6 ball pythons
  6 frilled lizards
  3 rats
75 creatures vanquished.

Vanquished Creatures (others)
  132 foxfires
  2 fungi (D:3)
  2 plants (D:3)
136 creatures vanquished.

Grand Total: 211 creatures vanquished

Notes
Turn   | Place    | Note
-------+----------+-------------------------------------------
     0 | D:1      | Deemzul the Octopode Fire Elementalist began the quest for
                  | the Orb.
     0 | D:1      | Reached XP level 1. HP: 11/11 MP: 3/3
   186 | D:1      | Reached XP level 2. HP: 5/17 MP: 1/5
   449 | D:1      | Reached skill level 3 in Stealth
   918 | D:1      | Found a faded altar of an unknown god.
  1063 | D:1      | Found a shadowy altar of Dithmenos.
  1369 | D:2      | Reached XP level 3. HP: 13/21 MP: 2/6
  1711 | D:2      | Reached XP level 4. HP: 27/27 MP: 0/7
  2270 | D:2      | Found a blossoming altar of Fedhas.
  2440 | D:3      | Found Tesul's Antique Armour Shop.
  2491 | D:3      | Found Xeomyneam's Distillery.
  2735 | D:3      | Reached skill level 4 in Stealth
  2735 | D:3      | Reached XP level 5. HP: 16/31 MP: 2/9
  2944 | D:3      | Noticed shaman420's ghost (amateur OpAM)
  2945 | D:3      | Found a runed translucent gate.
  2946 | D:3      | Noticed a kobold brigand
  2948 | D:3      | Found a runed translucent gate.
  2948 | D:3      | Found a runed translucent gate.
  3009 | D:3      | Found Coohulan's Assorted Antiques.
  3727 | D:3      | Found Lav Roil's Weapon Boutique.
  3813 | D:3      | Bought a potion of heal wounds for 55 gold pieces
  3855 | D:4      | Found a snail-covered altar of Cheibriados.
  3866 | D:4      | Became a worshipper of Cheibriados the Contemplative
  3935 | D:4      | Learned a level 2 spell: Scorch
  3964 | D:4      | Identified the +3 ring mail of Distant Worlds {rPois
                  | Will+++ Str-4 Dex-3}
  4245 | D:4      | Found Lietymal's Distillery.
  4284 | D:4      | Noticed Ijyb
  4294 | D:4      | Reached XP level 6. HP: 36/36 MP: 2/10
  4389 | D:4      | Reached * piety under Cheibriados
  4643 | D:4      | Noticed a black bear
  4659 | D:5      | Entered Level 5 of the Dungeon
  4746 | D:5      | Reached skill level 5 in Stealth
  4909 | D:5      | Gained mutation: You possess an exceptional clarity of
                  | mind. [potion of mutation]
  4909 | D:5      | Gained mutation: You expend magic power (3 MP) to
                  | strengthen your wands. [potion of mutation]
  4909 | D:5      | Slain by a wyvern zombie

Illustrated notes

Levels and vault maps discovered:
D:1:      sevenhm_arrival_forest_fort_small_6, layout_basic,
          hellmonk_ecumenical_altar_leap_of_faith, minmay_hexomino_p4
D:2:      layout_basic, basic_altar, supply_closet_lemuel
D:3:      layout_loops_ring, serial_shops, nicolae_diamond_shop,
          nicolae_lakefront_shop, shop, shop, gammafunk_ghost_nasty_kobolds,
          chequers_serial_rivers_room_b
D:4:      layout_basic, mainiacjoe_overflow_alcove_1, serial_shops, shop_statue,
          uniq_ijyb
D:5:      layout_loops_ring, lemuel_coloured_pillars_altar,
          minmay_temple_entry_overgrown

Skill      XL: |  1  2  3  4  5  6 |
---------------+-------------------+-----
Stealth        | 3 4 5 |  5.1
Conjurations   | 2 3 |  3.0
Dodging        | 3 |  3.5
Spellcasting   | 3 |  3.3
Fire Magic     | 4 |  4.2

Action                   |  1- 3 |  4- 6 || total
-------------------------+-------+-------++-------
Melee: Unarmed           |    38 |    69 ||   107
       Constrict         |    14 |    20 ||    34
       Tentacles         |    12 |    20 ||    32
       Punch             |       |     3 ||     3
 Cast: Foxfire           |    21 |    61 ||    82
       Scorch            |       |    25 ||    25
  Use: Potion            |       |     5 ||     5
 Stab: Sleeping          |     3 |     1 ||     4
Armor: Skin              |     4 |     2 ||     6
Dodge: Dodged            |    22 |    54 ||    76
Block: Other             |     6 |    23 ||    29
       Reflection        |       |     1 ||     1
